 Dungeon Crawl Stone Soup version 0.17-a0-1674-g2b13139 (webtiles) character file.

2769 kobby the Shield-Bearer (level 9, -4/56 HPs)
             Began as a Gargoyle Fighter on Aug 18, 2015.
             Was an Initiate of Ru.
             Slain by an ancient zyme (9 damage)
             ... created by the touch of Lugonu
             ... on level 7 of the Dungeon.
             The game lasted 00:24:35 (7564 turns).

kobby the Shield-Bearer (Gargoyle Fighter)          Turns: 7564, Time: 00:24:35

Health: -4/56      AC: 17    Str: 19    XL:     9   Next: 69%
Magic:  9/9        EV: 10    Int:  9    God:    Ru [......]
Gold:   281        SH: 10    Dex: 11    Spells: 0 memorised, 8 levels left

rFire  . . .     SeeInvis .     l - +2 trident (flame)
rCold  . . .     Clarity  .     b - +0 scale mail
rNeg   + . .     SustAt   .     c - +0 shield
rPois  ∞         Gourm    .     (no helmet)
rElec  +         Spirit   .     h - +1 cloak
rCorr  .         Warding  .     m - +0 pair of gloves
rMut   .         Stasis   .     (no boots)
MR     +....                    (no amulet)
Stlth  ..........               (no ring)
                                f - ring of protection from magic

@: contaminated, hasted, glowing, very quick, somewhat resistant to hostile
enchantments, extremely unstealthy
A: negative energy resistance 1, electricity resistance, weak 1, unbreathing,
petrification resistance, rot immunity, AC +5
a: Renounce Religion


You were on level 7 of the Dungeon.
You worshipped Ru.
Ru was noncommittal.
You were hungry.

You visited 1 branch of the dungeon, and saw 7 of its levels.

You collected 281 gold pieces.

Inventory:

Hand weapons
 a - a +0 flail
 l - a +2 trident of flaming (weapon)
 o - a +0 flail
 q - a +1 whip of freezing
Armour
 b - a +0 scale mail (worn)
 c - a +0 shield (worn)
 h - a +1 cloak (worn)
 m - a +0 pair of gloves (worn)
Jewellery
 f - a ring of protection from magic (left hand)
Magical devices
 e - a wand of slowing (24)
 u - a wand of slowing (30)
Scrolls
 j - a scroll of holy word {unknown}
 k - 7 scrolls of remove curse
 p - 6 scrolls of identify
 r - a scroll of teleportation
Potions
 d - 2 potions of might
 g - a potion of berserk rage {unknown}
 n - 3 potions of brilliance
Comestibles
 s - 2 meat rations
 t - a beef jerky


   Skills:
 + Level 6.5 Fighting
 + Level 5.9 Maces & Flails
 + Level 0.6 Polearms
 + Level 7.0 Armour
 + Level 4.8 Dodging
 + Level 1.2 Stealth
 + Level 7.6 Shields
   Level 0.2 Invocations


You had 8 spell levels left.
You didn't know any spells.

Dungeon Overview and Level Annotations

Branches:
Dungeon (7/15)             Temple (0/1) D:5

Altars:
Gozag
Nemelex Xobeh
Ru
Sif Muna
Vehumet
Xom
Yredelemnul
Zin
Lugonu

Shops:
D:6 *

Annotations:
D:6 Prince Ribbit


Innate Abilities, Weirdness & Mutations

You are resistant to torment.
Your stone body is resilient (AC +5).
You are immune to poison.
You resist negative energy.
You are resistant to electric shocks.
You can survive without breathing.
You are immune to petrification.
You are immune to rotting.
You are weak. (Str -2)


Message History

You block the ancient zyme's attack. x2
Your scale mail prevents you from hitting the ancient zyme.
The ancient zyme is lightly damaged.
You hit the ancient zyme but do no damage.
The ancient zyme is lightly damaged.
You block the ancient zyme's attack. The ancient zyme barely misses you.
Your body shudders with the violent release of wild energies!
You feel weaker.
You hit the ancient zyme. You burn the ancient zyme.
The ancient zyme is moderately damaged.
The ancient zyme hits you but does no damage.
You block the ancient zyme's attack.
You hit the ancient zyme. You burn the ancient zyme.
The ancient zyme is moderately damaged.
You block the ancient zyme's attack. The ancient zyme closely misses you.
You hit the ancient zyme. You burn the ancient zyme.
The ancient zyme is heavily damaged.
The ancient zyme hits you but does no damage.
The ancient zyme hits you!
You die...

#....'#######'..##.#.
#.#..................
#.##########.###..... #.#
#..#...... #.# ##...#...#
#.# ##.##..## #.##
#>##...<
#####..###########.##.###
#.......@x........ ##.#
#.####=####..##### #. #.#
..# #.# ..# #.# ... #.#
.### #.. .. ## ..


You could see an ancient zyme.

Vanquished Creatures
  Pikel (D:6)
  An ancient zyme (D:7)
  3 orc warriors
  Menkaure (D:5)
  A water moccasin (D:6)
  Dowan (D:6)
  An ice beast (D:4)
  Duvessa (D:6)
  A sky beast (D:5)
  An ogre (D:4)
  The ghost of FooOfBar the Slasher, an average HEWr (D:3)
  Blork the orc (D:5)
  A giant frog (D:7)
  A quasit (D:6)
  2 crimson imps (D:7)
  2 giant frog zombies
  5 hounds
  2 iguanas (D:4)
  Ijyb (D:3)
  3 orc wizards
  4 orc priests
  10 worker ants
  Terence (D:2)
  A hound skeleton (D:6)
  8 adders
  A shadow imp (D:5)
  An adder zombie (D:7)
  3 giant geckos
  26 orcs
  A ball python (D:3)
  11 bats
  3 giant cockroaches
  7 goblins
  7 hobgoblins
  9 jackals
  2 quokkas
  8 giant newts
  11 kobolds
  5 rats
150 creatures vanquished.

Vanquished Creatures (others)
  4 slaves (D:6)
  A giant frog (D:6)
  2 orcs (D:6)
7 creatures vanquished.

Grand Total: 157 creatures vanquished

Notes
Turn   | Place    | Note
--------------------------------------------------------------
     0 | D:1      | kobby the Gargoyle Fighter began the quest for the Orb.
     0 | D:1      | Reached XP level 1. HP: 14/14 MP: 1/1
   137 | D:1      | Reached XP level 2. HP: 19/19 MP: 2/2
   347 | D:1      | Reached XP level 3. HP: 19/23 MP: 3/3
   760 | D:2      | Noticed Terence
   776 | D:2      | Killed Terence
   776 | D:2      | Reached skill level 1 in Dodging
   776 | D:2      | Reached skill level 4 in Shields
   776 | D:2      | Reached XP level 4. HP: 13/29 MP: 4/4
  1337 | D:2      | Found a deep blue altar of Sif Muna.
  1595 | D:2      | Found a sparkling altar of Nemelex Xobeh.
  1623 | D:3      | Reached XP level 5. HP: 31/33 MP: 5/5
  1738 | D:3      | Noticed FooOfBar's ghost (average HEWr)
  1761 | D:3      | Killed FooOfBar's ghost
  1938 | D:3      | Found a radiant altar of Vehumet.
  1941 | D:3      | Found a basalt altar of Yredelemnul.
  1946 | D:3      | Found a glowing silver altar of Zin.
  1946 | D:3      | Found a shimmering altar of Xom.
  1949 | D:3      | Found an opulent altar of Gozag.
  2004 | D:3      | Found a faded altar to an unknown god.
  2021 | D:3      | Became a worshipper of Lugonu the Unformed
  2021 | D:3      | Acquired Lugonu's first power
  2021 | D:3      | Acquired Lugonu's second power
  2046 | D:3      | Reached XP level 6. HP: 38/38 MP: 6/6
  2626 | D:3      | Noticed Ijyb
  2644 | D:3      | Killed Ijyb
  2993 | D:4      | Reached skill level 5 in Shields
  3101 | D:4      | Reached XP level 7. HP: 39/44 MP: 7/7
  3704 | D:4      | Reached skill level 5 in Fighting
  3906 | D:5      | Entered Level 5 of the Dungeon
  3955 | D:5      | Noticed Menkaure
  3972 | D:5      | Killed Menkaure
  3972 | D:5      | Reached skill level 5 in Armour
  3972 | D:5      | Reached XP level 8. HP: 21/49 MP: 8/8
  4268 | D:5      | Noticed Blork the orc
  4291 | D:5      | Found a staircase to the Ecumenical Temple.
  4308 | D:5      | Killed Blork the orc
  4610 | D:5      | Acquired Lugonu's third power
  4699 | D:5      | Reached skill level 6 in Shields
  5098 | D:6      | Found Cinenarr's General Store.
  5470 | D:6      | Noticed Pikel
  5505 | D:6      | Killed Pikel
  5505 | D:6      | Reached skill level 5 in Maces & Flails
  5505 | D:6      | Reached skill level 1 in Stealth
  5505 | D:6      | Reached XP level 9. HP: 46/55 MP: 9/9
  5630 | D:6      | Noticed Prince Ribbit
  5659 | D:6      | Noticed Dowan
  5671 | D:6      | Noticed Duvessa
  5695 | D:6      | Killed Duvessa
  5712 | D:6      | Killed Dowan
  6110 | D:6      | Reached skill level 7 in Shields
  7469 | D:7      | Found a sacrificial altar of Ru.
  7476 | D:7      | Acquired Lugonu's fourth power
  7489 | D:7      | Fell from the grace of Lugonu
  7489 | D:7      | Became a worshipper of Ru the Awakened
  7535 | D:7      | Noticed an ancient zyme
  7535 | D:7      | Noticed an ancient zyme
  7551 | D:7      | Killed an ancient zyme
  7561 | D:7      | Gained mutation: You are weak. (Str -2) [mutagenic glow]
  7564 | D:7      | Slain by an ancient zyme

Vault maps used:
D:1:      dpeg_arrival_simpleton_b
D:2:      lemuel_blue_sif_altar, solitary_fountain,
          nemelex_diamond_rough_becter, uniq_terence
D:3:      minitemple, ecumenical_altar_1, uniq_iyjb
D:4:      first_bread
D:5:      minmay_temple_entry_glass, minmay_door_square, uniq_blork_the_orc,
          uniq_menkaure
D:6:      serial_shops, shop, hangedman_decor_lopped, uniq_prince_ribbit1,
          uniq_duvessa, uniq_pikel
D:7:      nicolae_ru_great_annihilating_truth, grunt_livestock

Action                   |  1- 3 |  4- 6 |  7- 9 || total
-------------------------+-------+-------+-------++-------
Melee: Flail             |   125 |   222 |   284 ||   631
       Whip              |       |       |   176 ||   176
       Trident           |       |       |   141 ||   141
Invok: Bend Space        |       |       |     1 ||     1
Evoke: Wand              |       |       |     1 ||     1
  Use: Scroll            |     2 |     1 |     9 ||    12
       Potion            |       |     3 |     7 ||    10
 Stab: Paralysed         |       |       |     1 ||     1
  Eat: Pizza             |       |     2 |     1 ||     3
       Beef jerky        |       |     1 |       ||     1
       Bread ration      |       |     1 |     1 ||     2
       Fruit             |       |       |     4 ||     4
       Meat ration       |       |       |     1 ||     1
